 Dungeon Crawl Stone Soup version 0.29-a0-337-g68df138881 (webtiles) character file.

Game seed: 11591371538552301187

617 kevlar127 the Ruffian (level 7, 0/70 HPs)
             Began as a Troll Berserker on Apr 16, 2022.
             Was a Priest of Trog.
             Slain by a lemure (10 damage)
             ... led by Pikel
             ... on level 5 of the Dungeon.
             The game lasted 00:17:55 (3418 turns).

kevlar127 the Ruffian (Troll Berserker)             Turns: 3418, Time: 00:17:56

Health: 0/70       AC:  0    Str: 28    XL:     7   Next: 21%
Magic:  6/6        EV: 10    Int:  3    God:    Trog [***...]
Gold:   141        SH:  0    Dex:  9    Spells: 6/6 levels left

rFire   . . .      SeeInvis +     - Unarmed
rCold   . . .      Faith    .   (no shield)
rNeg    . . .      Spirit   .   a - +0 animal skin
rPois   .          Reflect  .   (helmet restricted)
rElec   .          Harm     .   (no cloak)
rCorr   .          Rampage  .   (gloves unavailable)
Will    ++...                   (boots unavailable)
Stlth   +.........              (no amulet)
HPRegen 2.01/turn               m - ring of see invisible
MPRegen 0.10/turn               (no ring)

@: strong-willed, corroded, regenerating
A: large, unfitting armour, claws 3, regeneration 1, shaggy fur 1, tough skin 1
a: Renounce Religion, Berserk, Trog's Hand


You were on level 5 of the Dungeon.
You worshipped Trog.
Trog was most pleased with you.
You visited 1 branch of the dungeon, and saw 5 of its levels.

You collected 141 gold pieces.

Inventory:

Hand Weapons
 b - a +0 whip of distortion
Missiles
 h - 12 stones (quivered)
Armour
 a - a +0 animal skin (worn)
Jewellery
 m - a ring of see invisible (left claw)
Scrolls
 i - 3 scrolls of teleportation {unknown}
 k - 5 scrolls of identify {unknown}
 l - 2 scrolls of fog {unknown}
 n - a scroll of enchant armour {unknown}
 o - a scroll of fear {unknown}
Potions
 c - a potion of brilliance {unknown}
 d - 2 potions of berserk rage {unknown}
 e - a potion of heal wounds
 f - a potion of haste {unknown}
 g - a potion of might {unknown}
 j - 4 potions of curing {unknown}
 p - 2 potions of resistance {unknown}


   Skills:
 + Level 4.1 Fighting
 + Level 3.0 Throwing
 - Level 2.8 Dodging
 * Level 6.1 Unarmed Combat


You had 6 spell levels left.
You didn't know any spells.
Your spell library contained the following spells:

 Spells                   Type           Power      Damage    Failure   Level
 Apportation              Tloc           0%         N/A       52%         1


Dungeon Overview and Level Annotations

Branches:
Dungeon (5/15)
 Temple: D:4-7

Altars:

Annotations:
D:4 1 runed translucent door, Pikel


Innate Abilities, Weirdness & Mutations

You are too large for most types of armour.
You have claws for hands.
Your natural rate of healing is unusually fast.
You are covered in fur. (AC +1)
You have tough skin. (AC +1)


Message History

You kill the orc wizard!
Trog accepts your kill.
Trog appreciates your killing of a magic user.
The gnoll closely misses you. x2; The gnoll barely misses you.
The orc closely misses you. The gnoll closely misses you.
Your Throwing skill increases to level 3!
The gnoll hits you from afar with a +0 spear.
The gnoll closely misses you. x2; The orc barely misses you.
The gnoll closely misses you.
You climb downwards.
There is a stone staircase leading up here.
You claw the orc!
You kill the orc!
Trog accepts your kill.
You start resting.
HP restored.
There is a stone staircase leading up here.
You climb upwards.
Level annotation: 1 runed translucent door, Pikel The lemure shouts!
The lemure hits you.
Pikel zaps a wand.
The bolt of acid hits you!! The lemure hits you.
A lemure comes into view.
There is a stone staircase leading down, spattered with blood here.
You scratch the lemure.
The lemure is moderately wounded.
The lemure hits you.
Pikel zaps a wand.
The bolt of acid hits you!!
* * * LOW HITPOINT WARNING * * *
The acid corrodes you! The gnoll barely misses you.
The gnoll hits you from afar with a +0 spear!
* * * LOW HITPOINT WARNING * * *
The lemure hits you.
* * * LOW HITPOINT WARNING * * *
You climb downwards.
There is a stone staircase leading up here.
Okay, then.
Your skin crawls.
You feel strong-willed. The lemure hits you!
You die...

..... ## ...... #.#
......####.#
...#.......#####
.........#..#..##
#.........#......
#...............
.......[.)...#.. ..
........@...### ...
....####5)....##...
...# ##.........#
#. ##.......# #.
#.......# #..
##.......##
...####.†........ #
........†......##
###.
.###...........#


You could see a lemure.

Vanquished Creatures
  Grinder (D:3)
  A black bear (D:5)
  2 orc priests
  A hound (D:5)
  Ijyb (D:4)
  An orc wizard (D:4)
  4 gnolls (D:2)
  6 adders
  A worm (D:3)
  8 orcs
  2 bats
  7 endoplasms
  5 giant cockroaches
  7 goblins
  10 hobgoblins
  10 jackals
  A quokka (D:1)
  4 ball pythons
  4 frilled lizards
  7 kobolds
  5 rats
88 creatures vanquished.

Vanquished Creatures (others)
  3 plants
3 creatures vanquished.

Grand Total: 91 creatures vanquished

Notes
Turn   | Place    | Note
-------+----------+-------------------------------------------
     0 | D:1      | kevlar127 the Troll Berserker began the quest for the Orb.
     0 | D:1      | Reached XP level 1. HP: 22/22 MP: 0/0
   131 | D:1      | Reached XP level 2. HP: 29/29 MP: 1/1
   659 | D:1      | Reached XP level 3. HP: 36/36 MP: 2/2
   700 | D:2      | Reached XP level 4. HP: 45/45 MP: 3/3
   702 | D:2      | Reached ** piety under Trog
   943 | D:2      | Reached skill level 4 in Unarmed Combat
  1062 | D:2      | Reached skill level 1 in Throwing
  1950 | D:3      | Reached XP level 5. HP: 53/53 MP: 4/4
  1987 | D:3      | Found a faded altar of an unknown god.
  2104 | D:3      | Got Plato's Disquisition on Orientation
  2307 | D:3      | Noticed Grinder
  2320 | D:3      | Killed Grinder
  2321 | D:3      | Reached skill level 5 in Unarmed Combat
  2321 | D:3      | Reached XP level 6. HP: 62/62 MP: 5/5
  2913 | D:4      | Noticed Ijyb
  2927 | D:4      | Killed Ijyb
  2965 | D:4      | Found a runed translucent door.
  2979 | D:4      | You fall into a shaft and drop 1 floor!
  2979 | D:5      | Entered Level 5 of the Dungeon
  2993 | D:5      | Reached *** piety under Trog
  2994 | D:5      | Reached XP level 7. HP: 5/70 MP: 6/6
  3212 | D:4      | Reached skill level 6 in Unarmed Combat
  3376 | D:4      | Noticed Pikel
  3418 | D:5      | Slain by a lemure

Illustrated notes

Levels and vault maps discovered:
D:1:      dpeg_arrival_shelter, layout_basic
D:2:      layout_loops_ring
D:3:      layout_basic, shapermc_ecumenical_altar_rom_forum,
          hangedman_decor_opposing, chequers_jeans,
          hangedman_abyss_or_decor_stabs, uniq_grinder
D:4:      layout_cave_pools, ebering_ghost_inner_flame, serial_bayou_ford_a,
          minmay_mini_ossuary, uniq_eustachio, uniq_pikel, uniq_ijyb
D:5:      layout_layer_cave, minmay_temple_entry_large_hall

Skill      XL: |  1  2  3  4  5  6  7 |
---------------+----------------------+-----
Fighting       | 3 4 |  4.1
Unarmed Combat | 4 5 6 |  6.1
Throwing       | 1 2 3 |  3.0
Dodging        | |  2.8

Action                   |  1- 3 |  4- 6 |  7- 9 || total
-------------------------+-------+-------+-------++-------
Melee: Unarmed           |    64 |   120 |    28 ||   212
       Punch             |       |     2 |       ||     2
Throw: Stone             |       |    20 |     2 ||    22
Invok: Berserk           |     1 |     2 |     1 ||     4
       Trog's Hand       |       |       |     1 ||     1
  Use: Potion            |     1 |       |       ||     1
 Stab: Sleeping          |       |     1 |       ||     1
Armor: Animal skin       |    17 |    37 |    13 ||    67
Dodge: Dodged            |    30 |    74 |    45 ||   149

Table legend: (Time is in decaauts)
 A = Elapsed time spent in this place.
 B = Non-inter-level travel time spent in this place.
 C = Inter-level travel time spent in this place.
 D = Time resting spent in this place.
 E = Time spent auto-exploring this place.
 F = Levels seen in this place.
 G = Mean time per level.
                   A        B        C        D        E       F      G
               +--------+--------+--------+--------+--------+-----+--------+
         Total |   3435 |   3385 |     50 |   1332 |   1490 |   5 |  687.0 |
       Dungeon |   3435 |   3385 |     50 |   1332 |   1490 |   5 |  687.0 |
               +--------+--------+--------+--------+--------+-----+--------+

Top non-repeatable levels by time:
     D:3: 1464 daAuts
     D:2: 737 daAuts
     D:1: 672 daAuts
     D:5: 417 daAuts
     D:4: 143 daAuts
